 Dungeon Crawl Stone Soup version 0.31.0-11-ge490571c62 (webtiles) character file.

Game seed: 321727548237536658

61 firemarshallily the Magician (level 4, 0/33 HPs)
             Began as a Djinni Conjurer on Feb 5, 2024.
             Was an Initiate of Yredelemnul.
             Slain by a ribbon worm zombie (6 damage)
             ... animated by the player character
             ... on level 2 of the Dungeon.
             The game lasted 00:06:20 (882 turns).

firemarshallily the Magician (Djinni Conjurer)       Turns: 882, Time: 00:06:21

Health: 0/33       AC:  2    Str:  8    XL:     4   Next: 27%
Gold:   75         EV: 12    Int: 19    God:    Yredelemnul [......] SH:  0 Dex: 12

rFire   + + .        c - +0 spear
rCold   . . .        (no shield)
rNeg    . . .        a - +0 robe
rPois   ∞            (no helmet)
rElec   .            (no cloak)
rCorr   .            (no gloves)
SInv    .            (boots unavailable)
Will    .....        (no amulet)
Stlth   ++           e - ring of protection from cold
HPRegen 0.25/turn    (no ring)
MPRegen 0.00/turn

%: infuse magic (-1 HP)
@: flying
A: sickness immunity, fire resistance 2, cold vulnerability 1, float, innate
caster, HP casting, extra vitality 1
a: Renounce Religion, Recall Undead Harvest


You were on level 2 of the Dungeon.
You worshipped Yredelemnul.
Yredelemnul was noncommittal.
You visited 1 branch of the dungeon, and saw 2 of its levels.

You collected 75 gold pieces.

Inventory:

Hand Weapons
 c - a +0 spear (weapon)
 g - a +0 short sword of venom
Missiles
 m - 3 javelins
 s - 6 poisoned darts
Armour
 a - a +0 robe (worn)
 d - a +0 ring mail
Jewellery
 e - a ring of protection from cold (left hand)
Talismans
 l - a flux talisman
 r - a serpent talisman
Scrolls
 h - a scroll of enchant weapon {unknown}
 i - 2 scrolls of fear {unknown}
 k - a scroll of teleportation {unknown}
 o - a scroll of identify {unknown}
 p - a scroll of fog {unknown}
Potions
 f - 2 potions of curing {unknown}
 j - a potion of might {unknown}
 n - a potion of haste {unknown}
 q - 2 potions of mutation {unknown}


   Skills:
 * Level 2.2 Fighting
 + Level 0.7 Polearms
 - Level 2.1 Dodging
 - Level 1.5 Stealth
 * Level 4.0 Spellcasting
 * Level 4.0 Conjurations
 * Level 4.0 Hexes
   Level 0.0 Charms
 * Level 4.0 Summonings
 * Level 4.0 Necromancy
 * Level 4.0 Translocations
   Level 0.0 Transmutations
 * Level 4.0 Fire Magic
 * Level 4.0 Ice Magic
 * Level 4.0 Air Magic
 * Level 4.0 Earth Magic
 * Level 4.0 Alchemy


You knew the following spells:

 Your Spells              Type           Power      Damage    Failure   Level
a - Magic Dart            Conj           76%        1d6       2%          1
b - Searing Ray           Conj           38%        2d5       4%          2
c - Fulminant Prism       Conj/Alch      9%         3d7       26%         4
d - Iskenderun's Mystic   Conj/Tloc      19%        2d6       26%         4
e - Shock                 Conj/Air       76%        1d7       2%          1
Your spell library was empty.

Dungeon Overview and Level Annotations

Branches:
Dungeon (2/15)

Altars:
Yredelemnul

Shops:
D:1 (


Innate Abilities, Weirdness & Mutations

You are immune to sickness and miasma.
You are immune to poison.
Your flesh is very heat resistant. (rF++)
You are vulnerable to cold. (rC-)
You float through the air rather than walking.
You learn spells naturally, not from books.
Your magical power is your life essence.
You have superior vitality. (+4 MHP)


Message History

You can't see any susceptible monsters within range! (Use Z to cast anyway.)
You hit something but do no damage. Something hits you.
Casting: Searing Ray (safe; 4% risk of failure)
Confirm with . or Enter, or press ? or * to list all spells.
You can't see any susceptible monsters within range! (Use Z to cast anyway.)
Casting: Searing Ray (safe; 4% risk of failure)
Confirm with . or Enter, or press ? or * to list all spells.
Aiming: Shock (safe; 2% risk of failure)
Press: ? - help, Shift-Dir - straight line The zap hits something.
You hear some strange, mumbled words.
A magic dart appears from out of thin air!
The magic dart hits you!
You hit something but do no damage.
Your orc zombie closely misses something.
Something hits you.
You barely miss something.
Your orc zombie hits something but does no damage.
You hear some strange, mumbled words.
A puff of flame appears from out of thin air!
The puff of flame hits you. You resist.
* * * LOW HITPOINT WARNING * * *
You closely miss something.
Your orc zombie closely misses something.
Something hits you.
* * * LOW HITPOINT WARNING * * *
You swap places.
You hear some strange, mumbled words.
A puff of flame appears from out of thin air!
The puff of flame hits you. You resist.
* * * LOW HITPOINT WARNING * * *
Something hits your ribbon worm zombie.
Reach: c) +0 spear
Press: ? - help, Dir - move target You reach to attack!
You hit something.
You hear some strange, mumbled words.
Your ribbon worm zombie appears confused.
Your ribbon worm zombie bites you.
You die...
Your body becomes fuel for the black torch.

##. #.....>)..<.#.... #
########.##).....
######.....#####
#......#...#.#.# .
#####.####.....#...# ...
.......###......#.#
....###<...#.###..#.#...#
......)Z##.#........#:#.#
......{Z@..#.##.#...#####
....##..##.#.##..........
... #..##.:..#......####
. #.................#
##.###...##...###.# ....
##.####.## .# #.... ...#
#[# # #. ........ ..# #
####### ##


You could see a friendly ribbon worm zombie (confused) and a friendly orc
zombie.

Vanquished Creatures
  A ribbon worm (D:2)
  An orc (D:2)
  4 ball pythons
  An endoplasm (D:1)
  2 goblins
  3 hobgoblins (D:1)
  A jackal (D:1)
  A quokka (D:1)
  A bat (D:1)
  A frilled lizard (D:2)
  6 kobolds
22 creatures vanquished.

Vanquished Creatures (collateral kills)
  A gnoll (D:1)
  An adder (D:2)
  An orc (D:2)
  A ball python (D:2)
  An endoplasm (D:1)
  A goblin (D:1)
  3 hobgoblins
  2 jackals (D:1)
11 creatures vanquished.

Vanquished Creatures (others)
  2 adder zombies
  4 ball python zombies
  A goblin zombie (D:2)
  A jackal zombie (D:1)
  A kobold zombie (D:1)
9 creatures vanquished.

Grand Total: 42 creatures vanquished

Notes
Turn   | Place    | Note
-------+----------+-------------------------------------------
     0 | D:1      | firemarshallily the Djinni Conjurer began the quest for the
                  | Orb.
     0 | D:1      | firemarshallily set off with the following spells
                  | memorised: Magic Dart, Searing Ray, Fulminant Prism,
                  | Iskenderun's Mystic Blast.
     0 | D:1      | Reached XP level 1. HP: 15/15 MP: 0/0
    75 | D:1      | Found Nuutun's Weapon Shop.
   117 | D:1      | Reached XP level 2. HP: 19/22 MP: 0/0
   153 | D:1      | Reached skill level 1 in Fighting
   216 | D:1      | Found a faded altar of an unknown god.
   220 | D:1      | Prayed at the altar of an unknown god.
   220 | D:1      | Became a worshipper of Yredelemnul the Dark
   220 | D:1      | Reached * piety under Yredelemnul
   478 | D:1      | Reached XP level 3. HP: 18/27 MP: 0/0
   478 | D:1      | Learned a level 1 spell: Shock
   685 | D:2      | Reached XP level 4. HP: 2/33 MP: 0/0
   882 | D:2      | Slain by a ribbon worm zombie

Illustrated notes

Levels and vault maps discovered:
D:1:      minmay_arrival_five_plusses, layout_loops_ring,
          ebering_ecumenical_altar_mist, serial_shops,
          nicolae_shop_tiny_real_fake_doors, nicolae_grassy_gnolls
D:2:      layout_loops_ring, hangedman_decor_growths, minmay_split_cup_large

Skill      XL: |  1  2  3 |
---------------+----------+-----
Fighting       | 1 2 |  2.2
Spellcasting   | 4 |  4.0
Conjurations   | 4 |  4.0
Hexes          | 4 |  4.0
Summonings     | 4 |  4.0
Necromancy     | 4 |  4.0
Translocations | 4 |  4.0
Fire Magic     | 4 |  4.0
Ice Magic      | 4 |  4.0
Air Magic      | 4 |  4.0
Earth Magic    | 4 |  4.0
Alchemy        | 4 |  4.0
Polearms       | |  0.7
Dodging        | |  2.1
Stealth        | |  1.5

Action                     |  1- 3 |  4- 6 || total
---------------------------+-------+-------++-------
  Melee: Spear             |    31 |    25 ||    56
         Short sword       |     2 |       ||     2
  Throw: Stone             |       |     2 ||     2
   Cast: Magic Dart        |    21 |     5 ||    26
         Searing Ray       |     2 |     1 ||     3
         Shock             |       |     1 ||     1
 Invoke: Recall Undead Har |     1 |       ||     1
   Stab: Distracted        |     1 |       ||     1
 Armour: Robe              |    13 |    19 ||    32
  Dodge: Dodged            |    15 |     5 ||    20
